 Dungeon Sprint DCSS version 0.30-a0-591-g3c58d2bc28 (webtiles) character file.

Game seed: 35129522358331211

7 NinjaNoafa the Caller (level 1, -2/7 HPs)
             Began as a Felid Summoner on Jan 5, 2023.
             Was a Follower of Kikubaaqudgha.
             Slain by an adder (4 damage)
             ... in the Dungeon (Sprint VII: "The Pits").
             The game lasted 00:00:58 (233 turns).

NinjaNoafa the Caller (Felid Summoner)               Turns: 233, Time: 00:00:59

Health: -2/7       AC:  1    Str:  4    XL:     1   Next: 83%
Magic:  1/5        EV: 17    Int: 16    God:    Kikubaaqudgha [*.....]
Gold:   0          SH:  0    Dex: 16    Spells: 5/6 levels left
                                        Lives:  0   Deaths: 0

rFire   . . .      SeeInvis +    (weapon unavailable)
rCold   . . .      Faith    .    (shield unavailable)
rNeg    . . .      Spirit   .    (body armour unavailable)
rPois   .          Reflect  .    (helmet unavailable)
rElec   .          Harm     .    (cloak unavailable)
rCorr   .          Rampage  .    (gloves unavailable)
Will    .....      NoTele   +    (boots unavailable)
Stlth   ++                       (no amulet)
HPRegen 0.21/turn                (no ring)
MPRegen 0.09/turn                (no ring)

@: lethally poisoned (-2 -> -7), quick
A: very small, claws 1, fangs 3, see invisible, speed 1, shaggy fur 1, stealthy
paws, no weapons or thrown items, no armour, multi-lived
a: Renounce Religion, Unearth Wretches


You were in the Dungeon.
You worshipped Kikubaaqudgha.
Kikubaaqudgha was aware of your devotion.
You visited 1 branch

Inventory:

Missiles
 j - 10 stones
Scrolls
 f - a scroll of blinking
 h - 5 scrolls of amnesia
 i - a scroll of butterflies
 k - 2 scrolls of vulnerability
Potions
 a - 5 potions of magic
 b - a potion of curing
 c - a potion of heal wounds
 d - a potion of haste
 e - 3 potions of berserk rage
 g - 2 potions of invisibility


   Skills:
 - Level 2.6 Dodging
 - Level 2.6 Stealth
 + Level 3.1 Spellcasting
 + Level 4.8 Summonings


You had 5 spell levels left.
You knew the following spells:

 Your Spells              Type           Power      Damage    Failure   Level
a - Summon Small Mammal   Summ           72%        N/A       2%          1

Your spell library contained the following spells:

 Spells                   Type           Power      Damage    Failure   Level
 Call Imp                 Summ           18%        N/A       3%          2
 Call Canine Familiar     Summ           18%        N/A       8%          3
 Kiss of Death            Conj/Necr      8%         2d6       19%         1
 Necrotise                Necr           8%         1d4       19%         1
 Summon Guardian Golem    Hex/Summ       10%        N/A       21%         3
 Sublimation of Blood     Necr           2%         N/A       28%         2
 Summon Lightning Spire   Summ/Air       10%        N/A       56%         4
 Animate Dead             Necr           2%         N/A       88%         4


Dungeon Overview and Level Annotations

Branches:
Dungeon (1/1)

Altars:
Ashenzari
Cheibriados
Dithmenos
Elyvilon
Fedhas
Gozag
Hepliaklqana
Kikubaaqudgha
Makhleb
Nemelex Xobeh
Okawaru
Qazlal
Ru
Sif Muna
Trog
Uskayaw
Vehumet
Wu Jian
Xom
Yredelemnul
Zin
The Shining One
Jiyva
Lugonu


Innate Abilities, Weirdness & Mutations

You have sharp claws.
You have razor-sharp teeth.
You have supernaturally acute eyesight. (SInv)
You cover ground quickly. (Speed+)
You are covered in fur. (AC +1)
Your paws help you pounce on unaware monsters.
You are incapable of wielding weapons or throwing items.
You cannot wear armour.
You gain extra lives every three experience levels.


Message History

The ogre completely misses your bat.
Your bat hits the adder.
Your quokka closely misses the ogre.
Your quokka bites the ogre.
The adder attacks as you move away! The adder closely misses you.
Your bat misses the adder. The adder closely misses you.
Casting: Summon Small Mammal (safe; 2% risk of failure)
Confirm with . or Enter, or press ? or * to list all spells.
Your bat disappears in a puff of smoke!
The adder barely misses you. The adder attacks as you move away!
The adder closely misses you.
Your quokka closely misses the ogre.
The adder attacks as you move away! The adder bites you.
The adder bites you but does no damage.
Your quokka barely misses the adder.
You closely miss the adder.
The adder is moderately wounded.
The adder barely misses you.
Your quokka closely misses the adder.
The adder closely misses you.
You scratch the adder.
The adder is severely wounded.
The adder bites you.
The ogre hits your quokka with a +0 giant club!!
Your quokka dies!
Your quokka's corpse disappears in a puff of smoke!
You closely miss the adder.
The adder is severely wounded.
The adder closely misses you. The ogre completely misses your quokka.
You closely miss the adder. Your bite misses the adder.
The adder is severely wounded.
The adder bites you.
You are lethally poisoned!
The adder poisons you!
Your quokka barely misses the adder.
The adder misses you.
Casting: Summon Small Mammal (safe; 2% risk of failure)
Confirm with . or Enter, or press ? or * to list all spells.
* * * LOW HITPOINT WARNING * * *
You feel sick.
Your quokka closely misses the adder.
The ogre closely misses your quokka. The adder bites you.
Ouch! That really hurt!
You die...
Kikubaaqudgha rasps: "You have failed me!
Welcome... death!"

# # #
###########++######
##................#
##......#..#......#
##................+
.'...........O...r+
##......#..#..rS@.#
#................#
####'#####++######
#.......# #.......#
#.......# #...<...#
#.......# #.......#


You could see an ogre, an adder (ally target), a friendly quokka (summoned) and
a friendly rat (summoned).

Vanquished Creatures
  A bat (D)
1 creature vanquished.

Vanquished Creatures (collateral kills)
  A ball python (D)
  An endoplasm (D)
  A goblin (D)
  A frilled lizard (D)
  A kobold (D)
5 creatures vanquished.

Grand Total: 6 creatures vanquished

Notes
Turn   | Place    | Note
-------+----------+-------------------------------------------
     0 | D        | NinjaNoafa the Felid Summoner began the quest for the Orb.
     0 | D        | Reached XP level 1. HP: 7/7 MP: 4/4
    64 | D        | Found a glowing golden altar of the Shining One.
    64 | D        | Found a glowing silver altar of Zin.
    64 | D        | Found a basalt altar of Yredelemnul.
    64 | D        | Found a shimmering altar of Xom.
    64 | D        | Found an ornate altar of the Wu Jian Council.
    64 | D        | Found a bloodstained altar of Trog.
    64 | D        | Found a shimmering blue altar of Sif Muna.
    64 | D        | Found a sacrificial altar of Ru.
    64 | D        | Found a stormy altar of Qazlal.
    64 | D        | Found an iron altar of Okawaru.
    64 | D        | Found a sparkling altar of Nemelex Xobeh.
    64 | D        | Found a burning altar of Makhleb.
    64 | D        | Found a viscous altar of Jiyva.
    64 | D        | Found a hazy altar of Hepliaklqana.
    64 | D        | Found an opulent altar of Gozag.
    64 | D        | Found a blossoming altar of Fedhas.
    64 | D        | Found a white marble altar of Elyvilon.
    64 | D        | Found a shadowy altar of Dithmenos.
    64 | D        | Found a snail-covered altar of Cheibriados.
    65 | D        | Found a radiant altar of Vehumet.
    65 | D        | Found a corrupted altar of Lugonu.
    66 | D        | Found a hide-covered altar of Uskayaw.
    66 | D        | Found an ancient bone altar of Kikubaaqudgha.
    66 | D        | Found a broken altar of Ashenzari.
    74 | D        | Became a worshipper of Kikubaaqudgha
   161 | D        | Reached * piety under Kikubaaqudgha
   161 | D        | Received a gift from Kikubaaqudgha
   192 | D        | Noticed an ogre
   233 | D        | Slain by an adder

Illustrated notes

Levels and vault maps discovered:
D:        pitsprint [storerooms_1, entrance_room_1, metal_vault_8, armoury_2,
          mini_pit_1, grid_room_1, main_hall_1, silver_pit, the_coven_3,
          the_vestibule_1, steel_vault_4, golden_pit, hallway_of_sentries,
          crystal_vault_1, iron_vault_4, final_vault]

Skill      XL: |  1 |
---------------+----+-----
Spellcasting   | 3 |  3.1
Dodging        | |  2.6
Stealth        | |  2.6
Summonings     | |  4.8

Action                   || total
-------------------------++-------
Melee: Unarmed           ||     5
 Cast: Summon Small Mamm ||    15
Armor: Skin              ||     2
Dodge: Dodged            ||    29

Table legend: (Time is in decaauts)
 A = Elapsed time spent in this place.
 B = Non-inter-level travel time spent in this place.
 C = Inter-level travel time spent in this place.
 D = Time resting spent in this place.
 E = Time spent auto-exploring this place.
 F = Levels seen in this place.
 G = Mean time per level.
                   A        B        C        D        E       F      G
               +--------+--------+--------+--------+--------+-----+--------+
         Total |    209 |    197 |     12 |     30 |     20 |   1 |  209.0 |
       Dungeon |    209 |    197 |     12 |     30 |     20 |   1 |  209.0 |
               +--------+--------+--------+--------+--------+-----+--------+

Top non-repeatable levels by time:
       D: 209 daAuts
